 Dungeon Crawl Stone Soup version 0.30-a0-161-gdd60e06945 (webtiles) character file.

Game seed: 13199791515668953882

100 qw the Chopper (level 4, -3/28 HPs)
             Began as a Gargoyle Fighter on Sept 27, 2022.
             Slain by a gnoll bouda
             ... wielding a +0 whip
              (7 damage)
             ... on level 3 of the Dungeon.
             The game lasted 00:00:42 (2417 turns).

qw the Chopper (Gargoyle Fighter)                   Turns: 2417, Time: 00:00:43

Health: -3/28      AC: 12    Str: 22    XL:     4   Next: 74%
Magic:  4/4        EV:  7    Int:  8    God:
Gold:   85         SH:  4    Dex:  9    Spells: 3/3 levels left

rFire   . . .      SeeInvis .    Y - +0 war axe
rCold   . . .      Faith    .    c - +0 buckler
rNeg    + . .      Spirit   .    g - +0 chain mail
rPois   inf        Reflect  .    (no helmet)
rElec   +          Harm     .    (no cloak)
rCorr   .          Rampage  .    (no gloves)
Will    .....                    (no boots)
Stlth   ..........               (no amulet)
HPRegen 0.09/turn                (no ring)
MPRegen 0.09/turn                (no ring)

@: weakened
A: sickness immunity, AC +3, negative energy resistance 1, electricity
resistance, torment resistance 1, petrification resistance
a: no special abilities


You were on level 3 of the Dungeon.
You visited 1 branch of the dungeon, and saw 3 of its levels.

You collected 85 gold pieces.


Innate Abilities, Weirdness & Mutations

You are immune to sickness and miasma.
Your stone body is resilient. (AC +3)
You are immune to poison.
You resist negative energy. (rN+)
You are resistant to electric shocks. (rElec)
You are resistant to unholy torment.
You are immune to petrification.


   Skills:
 - Level 3.2 Fighting
 + Level 4.3 Axes
 - Level 3.2 Armour
 - Level 3.2 Shields


You had 3 spell levels left.
You didn't know any spells.
Your spell library was empty.

Inventory:

Hand Weapons
 e - a +0 club
 Y - a +0 war axe (weapon)
Armour
 c - a +0 buckler (worn)
 g - a +0 chain mail (worn)
 h - a +0 pair of boots
Scrolls
 a - 2 scrolls of identify
Potions
 d - a potion of might
 j - a potion of lignification {unknown}

Dungeon Overview and Level Annotations

Branches:
Dungeon (3/15)

Altars:
Gozag


Message History

You barely miss the gnoll.
The gnoll is almost dead.
You slash the gnoll! The gnoll hits you with a +0 flail.
The gnoll hits you but does no damage. x2
The gnoll hits you with a +0 whip of electrocution.
You hit the gnoll.
The gnoll is almost dead.
You closely miss the gnoll. The gnoll hits you but does no damage.
The gnoll hits you with a +0 whip of electrocution!
2413 ||| READING scroll of teleportation.
As you read the scroll of teleportation, it crumbles to dust.
You feel strangely unstable.
The gnoll hits you but does no damage. x2
2414 ||| DRINKING potion of heal wounds.
You feel much better. The gnoll barely misses you. x2
You closely miss the gnoll.
The gnoll is almost dead.
You hit the gnoll. The gnoll hits you but does no damage.
The gnoll hits you with a +0 whip of electrocution.
You closely miss the gnoll.
The gnoll is almost dead.
You completely miss the gnoll.
Your surroundings suddenly seem different.
A gnoll bouda and 3 gnolls come into view.
The gnoll bouda shouts!
The gnoll shouts! x2
A ball python comes into view.
The gnoll hits you with a +0 whip! The gnoll closely misses you.
The gnoll bouda gazes fiercely through you!
You feel your attacks grow feeble. The gnoll hits you but does no damage.
The gnoll bouda hits you with a +0 whip.
The gnoll hits you with a +0 whip.
You closely miss the gnoll bouda. You hit the gnoll. x2
You barely miss the gnoll. The gnoll barely misses you.
The gnoll hits you with a +0 club.
The gnoll bouda hits you with a +0 whip!
You die...

..'...'........>....#
###...#########.#.#.#
#...# #g# ##### #g#
#?# ###.# #....
#..###.####
#.g@g......
#.gg.###### ##...#
#.### #. #S #. #.


You could see a gnoll bouda, 5 gnolls and a ball python.

Vanquished Creatures
  Jessica (D:3)
  3 adders (D:2)
  A worm (D:2)
  2 dart slugs
  5 bats
  7 endoplasms
  A giant cockroach (D:1)
  2 goblins
  3 hobgoblins
  4 kobolds
  2 quokkas (D:1)
  2 ball pythons
  6 rats
39 creatures vanquished.

Notes
Turn   | Place    | Note
-------+----------+-------------------------------------------
     0 | D:1      | qw the Gargoyle Fighter began the quest for the Orb.
     0 | D:1      | Reached XP level 1. HP: 14/14 MP: 1/1
     0 | D:1      | 0 ||| qw: Version: 0.2-a-10-g37ed214
     0 | D:1      | 0 ||| qw: Game counter: 648
     0 | D:1      | 0 ||| qw: Always use a shield: true
     0 | D:1      | 0 ||| qw: God list: Okawaru
     0 | D:1      | 0 ||| qw: Allow faded altars: false
     0 | D:1      | 0 ||| qw: Do Orc after D:15 true
     0 | D:1      | 0 ||| qw: Do second Lair branch before Depths: true
     0 | D:1      | 0 ||| qw: Lair rune preference: random
     0 | D:1      | 0 ||| qw: Plans: Normal, Zot:1-4, God:TSO, Crypt, Tomb,
                  | Pan, Slime:5, Hells, Abyss, Orb
     0 | D:1      | 0 ||| PLANNING D:1-11
   117 | D:1      | Reached skill level 2 in Axes
   393 | D:1      | Reached XP level 2. HP: 19/19 MP: 2/2
   556 | D:1      | Found a faded altar of an unknown god.
  1114 | D:1      | 1114 ||| UPGRADING to +0 chain mail.
  1124 | D:1      | 1124 ||| DROPPING +0 scale mail.
  1125 | D:1      | 1125 ||| READING 2 scrolls labelled TORECO DIUG.
  1126 | D:1      | 1126 ||| READING scroll labelled BYSTRU ULUS ORO.
  1211 | D:2      | Reached skill level 3 in Axes
  1232 | D:2      | Reached XP level 3. HP: 22/23 MP: 3/3
  1402 | D:2      | 1402 ||| Stepping ~*~*~tactically~*~*~ (stealth).
  1403 | D:2      | 1403 ||| Stepping ~*~*~tactically~*~*~ (stealth).
  1404 | D:2      | Found an opulent altar of Gozag.
  1709 | D:2      | Reached XP level 4. HP: 23/28 MP: 4/4
  1926 | D:2      | 1926 ||| READING 2 scrolls labelled RISUTY ROTTIYSKUTS.
  1929 | D:2      | 1929 ||| READING 2 scrolls labelled KOHEYTA SA IPIOHED.
  1930 | D:2      | 1930 ||| READING 3 scrolls of identify.
  1930 | D:2      | 1930 ||| IDENTIFYING inky potion
  1931 | D:2      | 1931 ||| READING 2 scrolls of identify.
  1931 | D:2      | 1931 ||| IDENTIFYING fizzy blue potion
  1932 | D:2      | 1932 ||| DROPPING potion of flight.
  1933 | D:2      | 1933 ||| DROPPING scroll of vulnerability.
  1993 | D:3      | 1993 ||| Stepping ~*~*~tactically~*~*~ (stealth).
  2039 | D:3      | 2039 ||| Stepping ~*~*~tactically~*~*~ (hiding).
  2048 | D:3      | Reached skill level 4 in Axes
  2269 | D:3      | Noticed Jessica
  2270 | D:3      | 2270 ||| Stepping ~*~*~tactically~*~*~ (hiding).
  2275 | D:3      | Killed Jessica
  2412 | D:3      | HP: 4/28 [gnoll/+0 whip of electrocution[a gnoll bouda]
                  | (7)]
  2413 | D:3      | 2413 ||| READING scroll of teleportation.
  2414 | D:3      | 2414 ||| DRINKING potion of heal wounds.
  2417 | D:3      | HP: 4/28 [gnoll/+0 club[a gnoll bouda] (3)]
  2417 | D:3      | Slain by a gnoll bouda

Levels and vault maps discovered:
D:1:      dpeg_arrival_three_smaller_balls, layout_basic,
          ebering_ecumenical_altar_box
D:2:      layout_loops_cross, basic_altar
D:3:      layout_basic, nicolae_ru_sacrificial_ziggurat,
          mainiacjoe_overflow_brackets, uniq_jessica

Skill      XL: |  1  2  3  4 |
---------------+-------------+-----
Axes           | 2 3 4 |  4.3
Fighting       | |  3.2
Armour         | |  3.2
Shields        | |  3.2

Action                   |  1- 3 |  4- 6 || total
-------------------------+-------+-------++-------
Melee: War axe           |   117 |    35 ||   152
  Use: Scroll            |     2 |     5 ||     7
       Potion            |       |     1 ||     1
Armor: Scale mail        |    25 |       ||    25
       Chain mail        |    48 |    16 ||    64
Dodge: Dodged            |    56 |    11 ||    67
Block: Buckler           |    19 |     6 ||    25

Table legend:
 A = Non-vault XP
 B = Vault XP
 C = Vault XP percentage of total XP
 D = Non-vault monster count
 E = Vault monster count
 F = Vault count percentage of total count
                 A         B        C        D         E       F
            +---------+---------+-------+---------+---------+-------
      Total |     107 |      37 |  25.7 |      38 |       1 |   2.6
            +---------+---------+-------+---------+---------+-------
        D:1 |      25 |       0 |   0.0 |      16 |       0 |   0.0
        D:2 |      65 |       0 |   0.0 |      14 |       0 |   0.0
        D:3 |      17 |      37 |  68.5 |       8 |       1 |  11.1
            +---------+---------+-------+---------+---------+-------
